 Dungeon Crawl Stone Soup version 0.14-a0-1876-g927fc3a (webtiles) character file.

13233 Kae the Martial Artist (level 11, -7/77 HPs)
             Began as a Green Draconian Transmuter on Jan 14, 2014.
             Was a Believer of Sif Muna.
             Mangled by a spiny frog (23 damage)
             ... on Level 2 of the Lair of Beasts on Jan 15, 2014.
             The game lasted 00:38:57 (15744 turns).

Kae the Martial Artist (DrTm)                      Turns: 15744, Time: 00:38:58

HP  -7/77        AC 12     Str 14      XL: 11   Next: 63%
MP  17/17        EV 12     Int 13      God: Sif Muna [**....]
Gold 709         SH  0     Dex 14      Spells:  4 memorised,  3 levels left

rFire  . . .     SeeInvis .       - Unarmed
rCold  + . .     Clarity  .     (armour unavailable)
rNeg   . . .     Conserve .     (no shield)
rPois  +         rCorr    .     (helmet restricted)
rElec  .         rRot     .     B - +2 cloak
SustAb . .       Spirit   .     H - +0 pair of elf gloves
rMut   .         Warding  .     y - +0 pair of boots
Saprov . . .     Stasis   .     e - amulet of faith
MR     .....                    g - ring of protection from cold
                                (no ring)

@: appendage, not resistant to hostile enchantments, unstealthy
A: breathe noxious fumes, unfitting armour, horns 2, poison resistance, AC +7
a: Breathe Noxious Fumes, End Transformation, Channel Energy, Forget Spell,
Renounce Religion


You were on level 2 of the Lair of Beasts.
You worshipped Sif Muna.
Sif Muna was pleased with you.
You were not hungry.
You had grown temporary horns.
You visited 3 branches of the dungeon, and saw 11 of its levels.
You also visited: Sewer and Volcano.

You collected 709 gold pieces.

Inventory:

Missiles
 c - 10 arrows of frost
 n - 2 tomahawks (quivered)
Armour
 y - a +0 pair of boots (worn)
 B - a +2 cloak (worn)
 H - a +0 pair of elven gloves (worn)
Magical devices
 h - a wand of confusion (14)
 i - a wand of flame (7)
 m - a wand of fireball (4)
 t - a wand of flame (7)
 z - a wand of hasting (3)
 I - a wand of confusion (6)
Comestibles
 a - 4 bread rations
 k - 2 apples
 l - a rambutan
 s - 7 meat rations
 u - a chunk of blink frog flesh
 F - a royal jelly
 L - a slice of pizza
 R - a snozzcumber
 Y - 11 apricots
Scrolls
 j - 3 scrolls of remove curse
 x - a scroll of teleportation
 D - a scroll of summoning
 J - a scroll of amnesia
 V - a scroll of enchant armour
 W - a scroll of fog
 X - a scroll of curse weapon {unknown}
Jewellery
 e - an amulet of faith (around neck)
 g - a ring of protection from cold (right hand)
 v - an uncursed amulet of warding
 N - an uncursed ring of fire
Potions
 b - 2 potions of blood
 f - a potion of resistance {unknown}
 o - 2 potions of cure mutation {unknown}
 p - a potion of confusion {unknown}
 q - 2 potions of brilliance
 A - a potion of berserk rage
 C - 3 potions of magic
 E - 2 potions of heal wounds
 M - a potion of might {unknown}
 P - a potion of restore abilities {unknown}
 S - a potion of curing
 T - 2 potions of invisibility {unknown}
 U - a potion of agility {unknown}
 Z - a potion of porridge
Books
 d - a book of Changes

   Spells                             Type                      Level
   *Beastly Appendage                 Transmutation                1
   *Sticks to Snakes                  Transmutation                2
   *Spider Form                       Transmutation/Poison         3
   Ice Form                           Ice/Transmutation            4
   *Blade Hands                       Transmutation                5
 w - a book of Necromancy

   Spells                             Type                      Level
   Pain                               Necromancy                   1
   Animate Skeleton                   Necromancy                   1
   Lethal Infusion                    Charms/Necromancy            2
   Vampiric Draining                  Necromancy                   3
   Regeneration                       Charms/Necromancy            3
   Animate Dead                       Necromancy                   4
   Control Undead                     Necromancy                   4
 K - a book of Callings

   Spells                             Type                      Level
   Summon Small Mammal                Summoning                    1
   Call Imp                           Summoning                    2
   Call Canine Familiar               Summoning                    3
   Summon Scorpions                   Summoning/Poison             4
   Summon Ice Beast                   Ice/Summoning                4


   Skills:
 - Level 1.1 Fighting
 - Level 1.7 Dodging
 * Level 14.9 Unarmed Combat
 - Level 2.0 Spellcasting
 + Level 10.9 Transmutations


You had 3 spell levels left.
You knew the following spells:

 Your Spells              Type           Power        Failure   Level  Hunger
a - Beastly Appendage     Trmt           ####..       1%          1    ##.....
b - Sticks to Snakes      Trmt           ####......   1%          2    ###....
c - Spider Form           Trmt/Pois      ###.......   12%         3    ####...
d - Blade Hands           Trmt           ####......   12%         5    ######.


Dungeon Overview and Level Annotations

Branches:
Dungeon (8/16)             Temple (1/1) D:7            Lair (2/8) D:8

Altars:
Ashenzari
Cheibriados
Elyvilon
Fedhas
Kikubaaqudgha
Makhleb
Nemelex Xobeh
Okawaru
Sif Muna
Trog
Vehumet
Xom
Zin
the Shining One

Shops:
D:6 (


Innate Abilities, Weirdness & Mutations

You can breathe blasts of noxious fumes.*
Your lurid green scales are hard (AC +7).*
Your body does not fit into most forms of armour.
Your cold-blooded metabolism reacts poorly to cold.
Your system is resistant to poisons.*
You have a pair of horns on your head.*


Message History

You are too injured to fight recklessly!
You are too injured to fight recklessly!
You are too injured to fight recklessly!
You are too injured to fight recklessly!
You are too injured to fight recklessly!
You are too injured to fight recklessly!
You are too injured to fight recklessly!
You are too injured to fight recklessly!
You are too injured to fight recklessly!
You are too injured to fight recklessly!
You are too injured to fight recklessly!
You barely miss the spiny frog.
The spiny frog is moderately wounded.
The spiny frog stings you!
* * * LOW HITPOINT WARNING * * *
You closely miss the spiny frog.
Your tail-slap misses the spiny frog.
You punch the spiny frog, but do no damage.
The spiny frog is moderately wounded.
The spiny frog stings you!
You die...

##......##......##.......P#%...
#......##......##.......##....
#.)....##......##.......##....
#.......#................#....
#.......#...........f...#.....
#......##..............f......
#......##.....................
##......#.....F................
#f......#.....@................
##.......#.............f.......
#f............%....)......#....
##........................#....
#......####.###.........##....
##......###..##.#.........+....
#.......##...............P#..>.
#.......'.......##........#....
#f......##.......#.......##....


You could see a spiny frog.

Vanquished Creatures
  Pikel (D:6)
  Joseph (D:7)
  A black mamba (Lair:1)
  3 spiny frogs
  Psyche (D:8)
  4 fire drakes (Volcano)
  Grinder (D:3)
  7 blink frogs (Lair:2)
  4 yaks
  Eustachio (D:5)
  2 hippogriffs (D:7)
  3 hungry ghosts
  A wyvern (D:8)
  A mottled dragon (Volcano)
  The ghost of Herrn the Skirmisher, an average DjFi (D:4)
  A deep elf fighter (D:8)
  2 manticores (Volcano)
  Edmund (D:5)
  Menkaure (D:5)
  A necrophage (D:6)
  4 slaves (D:6)
  A sky beast (D:5)
  2 orc warriors
  A yellow wasp (D:7)
  5 crocodiles
  An ice beast (D:8)
  3 ogres
  Duvessa (D:7)
  6 centaurs
  An agate snail (Lair:2)
  11 giant frogs
  6 water moccasins
  7 killer bees
  3 wights (D:6)
  A goliath beetle (D:8)
  5 hounds
  A giant frog zombie (D:7)
  5 crimson imps
  Dowan (D:7)
  A water moccasin zombie (D:6)
  A jelly (D:3)
  Crazy Yiuf (D:5)
  5 orc priests
  3 iguanas
  4 worker ants
  2 scorpions
  9 orc wizards
  5 sheep (Lair:2)
  Ijyb (D:2)
  Jessica (D:2)
  The ghost of Vidiiot the Ruffian, a weakling TrWz (D:5)
  A big kobold zombie (D:7)
  Terence (D:2)
  6 gnolls
  10 adders
  10 green rats
  A giant centipede (D:8)
  7 giant mites
  8 worms
  An adder skeleton (D:4)
  2 grey rats (D:5)
  A giant eyeball (D:5)
  4 oozes
  9 giant geckos
  44 orcs
  A bat skeleton (D:6)
  13 giant cockroaches
  14 goblins
  14 hobgoblins
  15 jackals
  9 quokkas
  4 training dummies (D:6)
  4 ball pythons
  23 bats
  A giant gecko skeleton (D:4)
  13 giant newts
  A giant spore (D:6)
  A goblin skeleton (D:4)
  15 kobolds
  A kobold skeleton (D:4)
  An orc skeleton (D:6)
  A quokka skeleton (D:4)
  28 rats
  A rat skeleton (D:5)
  A ballistomycete (D:6)
  A fungus (D:7)
404 creatures vanquished.

Vanquished Creatures (others)
  A fungus (Lair:1)
1 creature vanquished.

Grand Total: 405 creatures vanquished

Notes
Turn   | Place    | Note
--------------------------------------------------------------
     0 | D:1      | Kae, the Draconian Transmuter, began the quest for the Orb.
     0 | D:1      | Reached XP level 1. HP: 16/16 MP: 3/3
   154 | D:1      | Reached XP level 2. HP: 12/23 MP: 4/4
   839 | D:1      | Reached XP level 3. HP: 25/28 MP: 4/6
   872 | D:1      | Learned a level 2 spell: Sticks to Snakes
   876 | D:1      | Learned a level 3 spell: Spider Form
   910 | D:1      | Reached skill level 4 in Unarmed Combat
  1113 | D:2      | Noticed Jessica
  1137 | D:2      | Killed Jessica
  1511 | D:2      | Reached XP level 4. HP: 35/35 MP: 7/7
  1918 | D:2      | Noticed Ijyb
  1937 | D:2      | Killed Ijyb
  2145 | D:3      | Noticed Terence
  2246 | D:2      | Killed Terence
  2923 | D:3      | Reached skill level 5 in Unarmed Combat
  2923 | D:3      | Reached XP level 5. HP: 26/40 MP: 6/9
  2927 | D:3      | Noticed Grinder
  2927 | D:3      | Paralysed by Grinder for 2 turns
  2945 | D:3      | Killed Grinder
  2945 | D:3      | Reached skill level 6 in Unarmed Combat
  2945 | D:3      | Reached XP level 6. HP: 47/47 MP: 8/10
  3664 | D:3      | Your scales start taking on a lurid green colour.
  3664 | D:3      | Gained mutation: Your system is resistant to poisons. [draconian maturity]
  3664 | D:3      | Reached XP level 7. HP: 26/52 MP: 10/12
  3967 | D:4      | Reached skill level 7 in Unarmed Combat
  4148 | D:4      | Reached skill level 5 in Transmutations
  4646 | D:4      | Noticed Herrn's ghost (average DjFi)
  4666 | D:4      | Killed Herrn's ghost
  4666 | D:4      | Reached skill level 8 in Unarmed Combat
  4837 | D:5      | Entered Level 5 of the Dungeon
  4847 | D:5      | Noticed Crazy Yiuf
  4856 | D:5      | Killed Crazy Yiuf
  4913 | D:5      | Reached XP level 8. HP: 59/59 MP: 9/13
  4926 | D:5      | Paralysed by a giant eyeball for 2 turns
  4959 | D:5      | Noticed Menkaure
  4978 | D:5      | Killed Menkaure
  5055 | D:5      | Noticed Eustachio
  5070 | D:5      | Killed Eustachio
  5070 | D:5      | Reached skill level 9 in Unarmed Combat
  5139 | D:5      | Found a glowing drain.
  5192 | Sewer    | Entered a sewer
  6148 | D:5      | Noticed Vidiiot's ghost (weakling TrWz)
  6154 | D:5      | Killed Vidiiot's ghost
  6225 | D:5      | Reached skill level 10 in Unarmed Combat
  6260 | D:5      | Reached XP level 9. HP: 64/64 MP: 14/14
  6305 | D:5      | Noticed Edmund
  6332 | D:5      | Killed Edmund
  7703 | D:6      | Found Schidgh's Weapon Shop.
  7728 | D:6      | Reached skill level 11 in Unarmed Combat
  7940 | D:6      | Found a blossoming altar of Fedhas.
  8401 | D:6      | Noticed Pikel
  8416 | D:6      | Killed Pikel
  8659 | D:7      | Noticed Joseph
  8675 | D:7      | Killed Joseph
  8675 | D:7      | Reached skill level 12 in Unarmed Combat
  8675 | D:7      | Reached XP level 10. HP: 45/71 MP: 1/16
  9174 | D:7      | Found an iron altar of Okawaru.
  9175 | D:7      | Found a bloodstained altar of Trog.
  9265 | D:7      | Noticed Dowan
  9267 | D:7      | Noticed Duvessa
  9283 | D:7      | Killed Dowan
  9289 | D:7      | Killed Duvessa
  9559 | D:7      | Found a staircase to the Ecumenical Temple.
  9657 | Temple   | Entered the Ecumenical Temple
  9683 | Temple   | Became a worshipper of Sif Muna the Loreminder
 10557 | D:8      | Reached skill level 13 in Unarmed Combat
 10811 | D:8      | Noticed Psyche
 10822 | D:8      | Killed Psyche
 10894 | D:8      | Found a glowing silver altar of Zin.
 11400 | D:8      | Found a staircase to the Lair.
 11473 | D:8      | Acquired Sif Muna's first power
 11507 | Lair:1   | Entered Level 1 of the Lair of Beasts
 11582 | Lair:1   | Noticed a black mamba
 11603 | Lair:1   | Killed a black mamba
 11603 | Lair:1   | Reached XP level 11. HP: 10/77 MP: 13/17
 12198 | Lair:1   | Reached skill level 10 in Transmutations
 12492 | Lair:1   | Found a dark tunnel.
 12497 | Volcano  | Entered a volcano
 12534 | Volcano  | Reached skill level 14 in Unarmed Combat
 14019 | Lair:1   | Learned a level 5 spell: Blade Hands
 14822 | Lair:2   | Acquired Sif Muna's second power
 15744 | Lair:2   | Mangled by a spiny frog

Action                   |  1- 3 |  4- 6 |  7- 9 | 10-12 || total
-------------------------+-------+-------+-------+-------++-------
Melee: Unarmed           |   142 |   216 |   548 |   618 ||  1524
Throw: Tomahawk          |       |       |     1 |       ||     1
 Cast: Beastly Appendage |    15 |    25 |    35 |    63 ||   138
       Spider Form       |       |       |    16 |    17 ||    33
 Abil: Breathe Noxious F |       |       |     1 |     1 ||     2
       End Transformatio |       |       |     1 |       ||     1
Evoke: Wand              |       |       |       |     6 ||     6
  Use: Scroll            |       |    10 |     5 |    10 ||    25
       Potion            |       |     4 |     3 |     1 ||     8
 Stab: Sleeping          |     1 |       |       |       ||     1
       Confused          |       |       |     1 |       ||     1
